 Dungeon Crawl Stone Soup version 0.29.1-13-g9f3cf754e1 (webtiles) character file.

Game seed: 5824327615904289785

222 shadowmeld the Magician (level 6, -4/43 HPs)
             Began as a Djinni Hedge Wizard on Feb 9, 2023.
             Slain by an iguana (9 damage)
             ... on level 4 of the Dungeon.
             The game lasted 00:15:34 (4447 turns).

shadowmeld the Magician (Djinni Hedge Wizard)       Turns: 4447, Time: 00:15:35

Health: -4/43      AC:  9    Str:  9    XL:     6   Next: 19%
Gold:   78         EV: 12    Int: 17    God:
                   SH:  5    Dex: 13

rFire   + + .      SeeInvis +   m - +0 mace (protect)
rCold   x . .      Faith    .   (no shield)
rNeg    . . .      Spirit   .   o - +1 leather armour of Shadows and Fog {SInv}
rPois   ∞          Reflect  +   r - +0 helmet
rElec   .          Harm     .   (no cloak)
rCorr   .          Rampage  .   (no gloves)
Will    .....                   (boots unavailable)
Stlth   ++........              j - amulet of reflection
HPRegen 0.14/turn               l - +4 ring of protection
MPRegen 0.00/turn               (no ring)

@: flying
A: sickness immunity, fire resistance 2, cold vulnerability 1, float, innate
caster, HP casting, extra vitality 1
a: no special abilities


You were on level 4 of the Dungeon.
You visited 1 branch of the dungeon, and saw 4 of its levels.

You collected 183 gold pieces.
You spent 105 gold pieces at shops.

Inventory:

Hand Weapons
 m - a +0 mace of protection (weapon)
Armour
 c - a +0 hat
 o - the +1 leather armour of Shadows and Fog (worn) {SInv}
   (You bought it in a shop on level 1 of the Dungeon)

   SInv:      It lets you see invisible.
 r - a +0 helmet (worn)
Jewellery
 f - a ring of fire
 j - an amulet of reflection (around neck)
 l - a +4 ring of protection (left hand)
Wands
 k - a wand of flame (10)
Scrolls
 a - a scroll of identify {unknown}
 n - 2 scrolls of amnesia {unknown}
 q - a scroll of poison {unknown}
 s - a scroll of fear {unknown}
Potions
 b - 2 potions of attraction {unknown}
 d - 3 potions of might {unknown}
 e - a potion of flight {unknown}
 g - a potion of degeneration {unknown}
 h - 3 potions of curing {unknown}
 i - 2 potions of cancellation {unknown}
 p - a potion of lignification {unknown}


   Skills:
 * Level 2.1 Fighting
 + Level 0.6 Armour
 * Level 2.9 Dodging
 - Level 1.5 Stealth
 + Level 0.1 Shields
 * Level 4.3 Spellcasting


You couldn't memorise any spells.
You knew the following spells:

 Your Spells              Type           Power      Damage    Failure   Level
a - Magic Dart            Conj           72%        1d6       3%          1
b - Blink                 Tloc           36%        N/A       5%          2
c - Call Imp              Summ           18%        N/A       5%          2
d - Slow                  Hex            72%        N/A       3%          1
e - Conjure Flame         Conj/Fire      18%        6-21      11%         3
f - Mephitic Cloud        Conj/Pois/Air  18%        N/A       11%         3
g - Sting                 Tmut/Pois      72%        1d6       3%          1
h - Passwall              Tmut/Erth      15%        N/A       5%          2
Your spell library was empty.

Dungeon Overview and Level Annotations

Branches:
Dungeon (4/15)
 Temple: D:4-7

Altars:

Shops:
D:1 :[


Innate Abilities, Weirdness & Mutations

You are immune to sickness and miasma.
You are immune to poison.
Your flesh is very heat resistant. (rF++)
You are vulnerable to cold. (rC-)
You float through the air rather than walking.
You learn spells naturally, not from books.
Your magical power is your life essence.
You have superior vitality. (+4 MHP)


Message History

Aim: an iguana (severely wounded, 100% to hit)
The magic dart hits the iguana but does no damage.
The iguana is severely wounded.
The iguana bites you but does no damage.
Aiming: Magic Dart (safe; 3% risk of failure)
Press: ? - help, Q - select action, (/) - cycle Shift-Dir - straight line, f/p - iguana
Aim: an iguana (severely wounded, 100% to hit)
The magic dart hits the iguana.
The iguana is almost dead.
The iguana misses you.
Aiming: Magic Dart (safe; 3% risk of failure)
Press: ? - help, Q - select action, (/) - cycle Shift-Dir - straight line, f/p - iguana
Aim: an iguana (almost dead, 100% to hit)
The magic dart hits the iguana but does no damage.
The iguana is almost dead.
The iguana bites you!
Aiming: Magic Dart (safe; 3% risk of failure)
Press: ? - help, Q - select action, (/) - cycle Shift-Dir - straight line, f/p - iguana
Aim: an iguana (almost dead, 100% to hit)
The magic dart hits the iguana.
The iguana is almost dead.
The iguana bites you!
* * * LOW HITPOINT WARNING * * *
Okay, then.
Okay, then.
Aiming: Magic Dart (safe; 3% risk of failure)
Press: ? - help, Q - select action, (/) - cycle Shift-Dir - straight line, f/p - iguana
Aim: an iguana (almost dead, 100% to hit)
The magic dart hits the iguana but does no damage.
The iguana is almost dead.
* * * LOW HITPOINT WARNING * * *
The iguana bites you but does no damage.
Aiming: Magic Dart (safe; 3% risk of failure)
Press: ? - help, Q - select action, (/) - cycle Shift-Dir - straight line, f/p - iguana
Aim: an iguana (almost dead, 100% to hit)
The magic dart hits the iguana but does no damage.
The iguana is almost dead.
* * * LOW HITPOINT WARNING * * *
The iguana bites you!
You die...

#...##...............
##..## #.....#.........
...### #..#............
#..#.###.###.#......:###
##....#...# ##.........#
#.........###...........
##.##.....#............#
.......................#
...#...#.##.....@.......
..>....#........l..##...
...#.#...##.....(...#
.#.#.#...##............
# #....................
#.##.#...##.#........ #.
..#...#........... #..
...........#


You could see an iguana.

Vanquished Creatures
  A scorpion (D:4)
  A hound (D:4)
  Robin (D:3)
  3 adders
  A worm (D:3)
  4 dart slugs
  3 orcs (D:3)
  4 endoplasms
  4 giant cockroaches
  17 goblins
  8 hobgoblins
  5 jackals (D:3)
  2 quokkas
  10 ball pythons
  4 bats
  4 frilled lizards
  6 rats
78 creatures vanquished.

Notes
Turn   | Place    | Note
-------+----------+-------------------------------------------
     0 | D:1      | shadowmeld the Djinni Hedge Wizard began the quest for the
                  | Orb.
     0 | D:1      | shadowmeld set off with the following spells memorised:
                  | Magic Dart, Blink, Call Imp, Slow, Conjure Flame, Mephitic
                  | Cloud.
     0 | D:1      | Reached XP level 1. HP: 15/15 MP: 0/0
     2 | D:1      | Noticed a human
     2 | D:1      | Noticed a spriggan
     4 | D:1      | Noticed a demonspawn
     4 | D:1      | Noticed a troll
     6 | D:1      | Noticed a palentonga
     6 | D:1      | Noticed a naga
     8 | D:1      | Noticed an elf
     8 | D:1      | Noticed a meteoran
    10 | D:1      | Noticed a formicid
    10 | D:1      | Noticed a vampire
    12 | D:1      | Noticed a draconian
    12 | D:1      | Noticed a merfolk
    14 | D:1      | Noticed a demigod
    16 | D:1      | Noticed a vine stalker
    18 | D:1      | Noticed an ogre
    20 | D:1      | Noticed a felid
    20 | D:1      | Noticed a tengu
    22 | D:1      | Noticed a ghoul
    22 | D:1      | Noticed a minotaur
    24 | D:1      | Noticed an octopode
    24 | D:1      | Noticed a naga
    26 | D:1      | Noticed a human
    26 | D:1      | Noticed an octopode
   217 | D:1      | Reached XP level 2. HP: 8/21 MP: 0/0
   829 | D:1      | Found Axelean's Book Emporium.
   947 | D:1      | Found Riatel's Antique Armour Shop.
   953 | D:1      | Reached skill level 3 in Spellcasting
   953 | D:1      | Reached XP level 3. HP: 19/26 MP: 0/0
   953 | D:1      | Learned a level 1 spell: Sting
  1117 | D:1      | Found a faded altar of an unknown god.
  2100 | D:2      | Reached XP level 4. HP: 27/31 MP: 0/0
  2734 | D:1      | Bought a glimmering leather armour for 105 gold pieces
  2734 | D:1      | Identified the +1 leather armour of Shadows and Fog {SInv}
                  | (You bought it in a shop on level 1 of the Dungeon)
  2977 | D:3      | Reached skill level 1 in Fighting
  3460 | D:3      | Noticed Robin
  3472 | D:3      | Reached XP level 5. HP: 34/37 MP: 0/0
  3472 | D:3      | Learned a level 2 spell: Passwall
  3483 | D:3      | HP: 1/37 [goblin/+0 dagger of electrocution[Robin] (19)]
  3498 | D:3      | Killed Robin
  4106 | D:4      | Reached skill level 4 in Spellcasting
  4242 | D:4      | Reached XP level 6. HP: 25/43 MP: 0/0
  4447 | D:4      | Slain by an iguana

Illustrated notes

Levels and vault maps discovered:
D:1:      kb_arrival_jail, layout_loops_corners,
          nicolae_ecumenical_snake_handling, serial_shops, shop,
          nicolae_shop_statue_plus
D:2:      layout_basic, kennysheep_generic_room_11
D:3:      layout_rooms, uniq_robin
D:4:      layout_cave_pools

Skill      XL: |  1  2  3  4  5 |
---------------+----------------+-----
Spellcasting   | 3 4 |  4.3
Fighting       | 1 2 |  2.1
Armour         | |  0.6
Dodging        | |  2.9
Stealth        | |  1.5
Shields        | |  0.1

Action                   |  1- 3 |  4- 6 || total
-------------------------+-------+-------++-------
Melee: Mace              |       |     2 ||     2
 Cast: Magic Dart        |    83 |   144 ||   227
       Sting             |       |     4 ||     4
  Use: Potion            |     1 |     2 ||     3
Armor: Robe              |     3 |     1 ||     4
       Leather armour    |       |    15 ||    15
Dodge: Dodged            |     4 |    35 ||    39
Block: Other             |       |    15 ||    15
       Reflection        |       |     2 ||     2
